Map: Inside and Out

Players

WakaK - Winner!

  • Race: Protoss Protoss
  • League: Diamond
  • Spawn Location: 7:00

segaMD

  • Race: Protoss Protoss
  • League: Diamond
  • Spawn Location: 1:00

VOD

Have the link to the VOD?

Description

Time

  • Played on: Oct. 3, 2022, 9:51 a.m.
  • Length: 7:08
Show
View Real Time Build Order
Export as new Build Order

WakaK Protoss - Winner!

Build Orders:  

Get SALT Encoding   

  12  0:01  Probe  
  13  0:13  Probe  
  14  0:18  Pylon  
  14  0:25  Probe (Chrono Boost)  
  15  0:37  Probe (Chrono Boost)  
  15  0:39  Gateway  
  16  0:45  Probe (Chrono Boost)  
  16  0:46  Assimilator  
  17  0:51  Probe  
  17  0:54  Assimilator  
  18  1:03  Probe (Chrono Boost)  
  19  1:10  Gateway  
  19  1:15  Probe (Chrono Boost)  
  20  1:20  Probe (Chrono Boost)  
  21  1:28  Cybernetics Core  
  21  1:30  Probe  
  22  1:35  Pylon  
  22  1:42  Probe  
  23  2:04  Stalker x2, Warp Gate  
  27  2:10  Robotics Facility  
  27  2:18  Pylon  
  27  2:39  Stalker x2  
  27  2:43  Gateway  
  31  3:01  Observer  
  32  3:08  Shield Battery  
  32  3:09  Stalker x2  
  36  3:18  Probe (Chrono Boost)  
  32  3:28  Probe (Chrono Boost)  
  32  3:33  Probe (Chrono Boost)  
  33  3:39  Warp Prism (Chrono Boost)  
  34  3:45  Probe  
  37  3:57  Twilight Council  
  37  4:03  Observer  
  37  4:22  Pylon  
  37  4:27  Blink (Chrono Boost)  
  37  4:43  Stalker x3  
  39  5:15  Observer  
  39  5:17  Stalker x3  
  43  5:41  Stalker x2  
  47  5:47  Pylon x2  
  47  5:59  Warp Prism  
  47  6:08  Stalker x2  
  47  6:09  Stalker  
  53  6:42  Pylon  
  53  6:45  Stalker  
  53  6:46  Stalker x2  
Show
View Real Time Build Order
Export as new Build Order

segaMD Protoss 

Build Orders:  

Get SALT Encoding   

  12  0:00  Probe  
  13  0:12  Probe  
  14  0:21  Pylon  
  14  0:24  Probe (Chrono Boost)  
  15  0:39  Gateway  
  15  0:41  Probe (Chrono Boost)  
  16  0:45  Assimilator, Probe (Chrono Boost)  
  17  0:56  Probe  
  18  1:08  Probe (Chrono Boost)  
  18  1:10  Gateway  
  19  1:20  Assimilator, Probe (Chrono Boost)  
  20  1:27  Cybernetics Core  
  20  1:29  Probe (Chrono Boost)  
  21  1:38  Probe, Pylon  
  22  1:51  Probe  
  23  2:03  Adept x2  
  27  2:09  Warp Gate (Chrono Boost), Twilight Council  
  27  2:23  Probe  
  28  2:38  Zealot  
  28  2:39  Stalker  
  31  2:49  Charge, Gateway  
  31  2:51  Gateway  
  29  3:28  Zealot  
  29  3:30  Stalker  
  29  3:33  Pylon  
  31  3:45  Robotics Facility  
  31  3:49  Nexus  
  31  3:52  Pylon  
  31  4:04  Stalker  
  31  4:07  Zealot  
  35  4:15  Probe  
  36  4:21  Shield Battery  
  36  4:24  Zealot  
  38  4:32  Observer  
  38  4:35  Probe  
  40  4:42  Zealot  
  40  4:44  Zealot  
  44  4:47  Probe  
  43  4:57  Zealot  
  43  4:58  Zealot  
  41  5:13  Stalker x2  
  39  5:23  Zealot x2  
  41  5:37  Zealot x2  
  41  5:40  Probe x2  
  41  6:01  Zealot x4  
  40  6:11  Immortal (Chrono Boost)  
  40  6:14  Probe  
  40  6:15  Probe  
  44  6:26  Zealot  
  44  6:27  Zealot  
  42  6:48  Stalker  
  42  6:49  Zealot  
Tags
 
Add a new tag
Caveats
  • Supply blocks, unpowered buildings, or Contaminate may cause inaccurate times.
  • Supply counts are checked every 10 seconds.